[Event "*** Titled Tuesday Blitz"]
[Site "Chess.com"]
[Date "2021.04.20"]
[Round "3"]
[White "CM_rui"]
[Black "Pertinhez76"]
[Result "1/2-1/2"]
[WhiteElo "2465"]
[BlackElo "2048"]
[TimeControl "180+1"]
[EndTime "10:27:04 PDT"]
[Termination "Game drawn by repetition"]

1. e4 e6 2. d4 d5 3. Nc3 Nf6 4. e5 Nfd7 5. f4 c5 6. Nf3 Nc6 7. Ne2 cxd4 8. Nexd4 Qb6 9. c3 Bc5 10. g3 O-O 11. Bd3 a5 12. Bxh7+ Kxh7 13. Ng5+ Kg6 14. Qg4 f5 15. Qh4 Nf6 16. exf6 Bxd4 17. cxd4 Qxd4 18.
fxg7 Qxg7 19. Bd2 Rh8 20. Nxe6 Bxe6 21. Qg5+ Kf7 22. Qxg7+ Kxg7 23. O-O-O d4 24. Rhe1 Bxa2 25. Re2 Rac8 26. Rg1 Bd5 27. g4 Nb4+ 28. Kb1 Be4+ 29. Ka1 Nc2+ 30. Ka2 d3 31. gxf5+ Kf7 32. Rxe4 Rxh2 33.
Bc3 b5 34. Rg7+ Kf8 35. Ree7 Rxc3 36. bxc3 Nb4+ 37. Kb3 d2 38. Rgf7+ Kg8 39. Rg7+ Kf8 40. Ref7+ Ke8 41. Re7+ Kf8 1/2-1/2

[Event "*** Titled Tuesday Blitz"]
[Site "Chess.com"]
[Date "2021.04.20"]
[Round "3"]
[White "mishanick"]
[Black "adnan_nn"]
[Result "1-0"]
[WhiteElo "2975"]
[BlackElo "2666"]
[TimeControl "180+1"]
[EndTime "10:27:05 PDT"]
[Termination "mishanick won by resignation"]

1. e4 c5 2. Nf3 Nf6 3. e5 Nd5 4. Nc3 e6 5. b3 Nxc3 6. dxc3 d5 7.
exd6 Bxd6 8. c4 O-O 9. Bb2 Nc6 10. Bd3 Be7 11. h4 h6 12. Be4 Qxd1+ 13. Rxd1 Rd8 14. Rxd8+ Nxd8 15. g4 g6 16. g5 h5 17. Bf6 Bxf6 18.
gxf6 a5 19. Ne5 a4 20. Ke2 Kf8 21. Rd1 Ke8 22. Ke3 axb3 23. axb3 Rb8 24. Kf4 Ra8 25. Kg5 Ra6 26. Rxd8+ Kxd8 27. Nxf7+ Ke8 28. Ne5 Kf8 29. Kxg6 Ra1 30. f7 Rf1 31. f3 b6 32.
Kf6 Rg1 33. Ng6+ Rxg6+ 34. Bxg6 e5 35. Bxh5 e4 36. fxe4 b5 37. cxb5 c4 38. b4 c3 39.
e5 Bf5 40. b6 Bd7 41. b7 Bc8 42. e6 Bxe6 43. b8=Q+ 1-0

[Event "*** Titled Tuesday Blitz"]
[Site "Chess.com"]
[Date "2021.04.20"]
[Round "3"]
[White "Oligan22"]
[Black "lacafi"]
[Result "1-0"]
[WhiteElo "2490"]
[BlackElo "2211"]
[TimeControl "180+1"]
[EndTime "10:27:05 PDT"]
[Termination "Oligan22 won by checkmate"]

1. Nf3 f5 2. g3 Nf6 3. Bg2 g6 4. O-O Bg7 5. d4 O-O 6. c4 d6 7. Nc3 Nc6 8. Re1 e5 9. d5 Ne7 10. e4 h6 11. a3 g5 12. exf5 Bxf5 13. b4 Bg4 14. h3 Bh5 15. g4 Bf7 16. Be3 Ng6 17. Qc2 Qd7 18. Rad1 Rae8 19. c5 Nf4 20. Bxf4 exf4 21. c6 bxc6 22. dxc6 Qc8 23. Nb5 a6 24.
Nbd4 Nxg4 25. hxg4 Qxg4 26. Qf5 Qh5 27. Qh3 Qg6 28.
Qg4 Bd5 29. Ne5 Bxe5 30. Bxd5+ Kg7 31. Ne6+ Rxe6 32. Qxe6 Rf6 33. Qe7+ Kh8 34. Rxe5 dxe5 35. Be4 Qxe4 36. Rd8+ Rf8 37. Rxf8# 1-0

[Event "*** Titled Tuesday Blitz"]
[Site "Chess.com"]
[Date "2021.04.20"]
[Round "3"]
[White "fabianvivasz"]
[Black "Reader777"]
[Result "0-1"]
[WhiteElo "2339"]
[BlackElo "2708"]
[TimeControl "180+1"]
[EndTime "10:27:06 PDT"]
[Termination "Reader777 won on time"]

1. c4 e5 2. Nc3 Nf6 3. Nf3 Nc6 4. e4 Bb4 5. d3 d6 6. a3 Bc5 7. b4 Bb6 8. Be3 Bxe3 9. fxe3 O-O 10. Be2 Ng4 11. Qd2 f5 12. exf5 Bxf5 13. O-O Bg6 14. h3 Nf6 15. Nh4 Bf7 16. Nf5 Be6 17. d4 exd4 18. exd4 d5 19. c5 Ne4 20.
Nxe4 dxe4 21. Bg4 Bxf5 22. Rxf5 Qxd4+ 23. Qxd4 Nxd4 24. Re5 Rae8 25. Rxe8 Rxe8 26. Rd1 Nc6 27. Kf2 Ne5 28. Ke3 Nc4+ 0-1

[Event "*** Titled Tuesday Blitz"]
[Site "Chess.com"]
[Date "2021.04.20"]
[Round "3"]
[White "Artyom_ChessMate"]
[Black "Andrii_Prydun"]
[Result "1-0"]
[WhiteElo "2545"]
[BlackElo "2336"]
[TimeControl "180+1"]
[EndTime "10:27:06 PDT"]
[Termination "Artyom_ChessMate won by resignation"]

1. e4 d5 2. exd5 Qxd5 3. Nf3 Bg4 4. Be2 Nc6 5. h3 Bh5 6. d4 O-O-O 7. c4 Qd6 8. d5 Ne5 9. Nxe5 Qxe5 10. g4 Bg6 11. f4 Qe4 12. O-O e6 13. Nc3 Bc5+ 14. Kh2 Qd4 15. f5 exf5 16. Qxd4 Bxd4 17. gxf5 Re8 18. Bg4 Nf6 19. fxg6+ Nxg4+ 20. hxg4 hxg6+ 21. Kg2 Bxc3 22.
bxc3 Re2+ 23. Rf2 Rh2+ 24. Kxh2 Rxf2+ 25. Kg3 Rc2 26. Bf4 Rxc3+ 27. Kf2 Rxc4 28. Kf3 Rc3+ 29.
Ke2 Rc4 30. Ke3 f5 31. g5 Re4+ 32. Kf3 Rc4 33. Rc1 Rxc1 34. Bxc1 Kd7 35. Bf4 c6 36. dxc6+ Kxc6 37. Be5 Kd5 38. Bxg7 Kc4 39. Ke3 Kd5 40. Kd3 Kc5 41. Bd4+ Kb4 42. Bxa7 Ka3 43. Bb6 Kxa2 44. Kd4 Kb3 45. Ke5 Kc4 46. Kf6 Kb5 47. Be3 Kc4 48.
Kxg6 Kd3 49. Kxf5 Kxe3 50. g6 1-0

[Event "*** Titled Tuesday Blitz"]
[Site "Chess.com"]
[Date "2021.04.20"]
[Round "3"]
[White "Piccadilly123"]
[Black "profofchess"]
[Result "0-1"]
[WhiteElo "2229"]
[BlackElo "2503"]
[TimeControl "180+1"]
[EndTime "10:27:09 PDT"]
[Termination "profofchess won by resignation"]

1. e4 e6 2. Nc3 d5 3. Nf3 Nf6 4. exd5 exd5 5. d4 Bg4 6. Bg5 c6 7. Be2 Bd6 8. O-O h6 9. Bh4 Nbd7 10. h3 Bh5 11. Re1 O-O 12. Ne5 Bxe2 13. Qxe2 Re8 14. f4 Qc7 15. Qf3 b5 16. Nd1 c5 17. Ne3 cxd4 18.
Nxd5 Nxd5 19. Qxd5 Nxe5 20. fxe5 Bxe5 21. Re2 Bh2+ 22. Kf1 Qf4+ 23. Bf2 Rad8 24. Qxb5 Re3 25. Rae1 Bg3 26. Kg1 Bxf2+ 27. Rxf2 Rxe1+ 28. Rf1 Qxf1+ 29. Qxf1 Rxf1+ 30. Kxf1 d3 0-1

[Event "*** Titled Tuesday Blitz"]
[Site "Chess.com"]
[Date "2021.04.20"]
[Round "3"]
[White "Ladislav1969"]
[Black "AldokhinIvan"]
[Result "0-1"]
[WhiteElo "2325"]
[BlackElo "2516"]
[TimeControl "180+1"]
[EndTime "10:27:09 PDT"]
[Termination "AldokhinIvan won by resignation"]

1. e4 c5 2. d4 cxd4 3. c3 d3 4. Bxd3 Nc6 5. c4 e6 6. Nc3 Nf6 7. f4 d5 8. cxd5 exd5 9. e5 d4 10. exf6 dxc3 11. Qe2+ Be6 12. f5 Bb4 13. Kf1 Qxf6 14.
Nf3 O-O-O 15. fxe6 Nd4 16. Bg5 Nxe2 17. Bxf6 gxf6 18.
Kxe2 cxb2 19. Rab1 Rhe8 20. Bf5 fxe6 21. Bxh7 Bc3 22.
Bg6 Re7 23. Rhd1 Rg8 24. Nh4 f5 25. Rd3 Bf6 26. Re3 Bxh4 27. g3 Bg5 28. Rc3+ Kb8 29.
Bh5 Rh8 30. h4 Bf6 31. Rc2 Rxh5 0-1

[Event "*** Titled Tuesday Blitz"]
[Site "Chess.com"]
[Date "2021.04.20"]
[Round "3"]
[White "sokidze"]
[Black "federicosellitti"]
[Result "1-0"]
[WhiteElo "2751"]
[BlackElo "2604"]
[TimeControl "180+1"]
[EndTime "10:27:10 PDT"]
[Termination "sokidze won on time"]

1. d4 d5 2. Nf3 Nc6 3. g3 Nf6 4. Bg2 Bg4 5. Ne5 e6 6. Nxg4 Nxg4 7. e4 Nf6 8. e5 Nd7 9. O-O Ne7 10. c4 c6 11. b3 h5 12. h3 Ng6 13. Nc3 Be7 14. Be3 Bg5 15. f4 Bh6 16. cxd5 exd5 17. Qf3 Ne7 18.
f5 Nxf5 19. Bxh6 Nxh6 20. e6 Nf6 21. Rae1 fxe6 22. Rxe6+ Kf7 23. Re5 g6 24. Qf4 Ng8 25. g4 hxg4 26. hxg4 g5 27. Rxg5 Qb8 28. Re5 Qf8 29.
g5 Qg7 30. gxf6 Qh7 31. Rg5 1-0

[Event "*** Titled Tuesday Blitz"]
[Site "Chess.com"]
[Date "2021.04.20"]
[Round "3"]
[White "elextranjero00"]
[Black "anon102030"]
[Result "1-0"]
[WhiteElo "2582"]
[BlackElo "2723"]
[TimeControl "180+1"]
[EndTime "10:27:10 PDT"]
[Termination "elextranjero00 won on time"]

1. d4 Nf6 2. c4 e5 3. dxe5 Ng4 4. e3 Nxe5 5. Nc3 g6 6. Nh3 Bg7 7. Nf4 d6 8. Be2 O-O 9. O-O Nbc6 10. Nfd5 Be6 11.
Rb1 Ne7 12. e4 c6 13. Ne3 f5 14. f4 Nf7 15. Bf3 Qc7 16. Kh1 Rad8 17. Qc2 Nh6 18.
b3 fxe4 19. Nxe4 Rxf4 20. Bb2 Nef5 21. Qd2 Bxb2 22. Rxb2 Qg7 23. Rbb1 Nxe3 24. Qxe3 Rh4 25. Qg5 Rxh2+ 26. Kxh2 Nf7 27. Qg3 d5 28. cxd5 Qh6+ 29.
Kg1 cxd5 30. Nf6+ Kg7 31. Ng4 Qg5 32. Rbe1 Re8 33. Qf2 h5 34. Qd4+ Kf8 35. Nf6 Re7 36. Nh7+ 1-0

[Event "*** Titled Tuesday Blitz"]
[Site "Chess.com"]
[Date "2021.04.20"]
[Round "3"]
[White "NoboaKevin1999"]
[Black "AryanTari"]
[Result "0-1"]
[WhiteElo "2462"]
[BlackElo "2887"]
[TimeControl "180+1"]
[EndTime "10:27:10 PDT"]
[Termination "AryanTari won on time"]

1. d4 d5 2. c4 e6 3. Nc3 a6 4. cxd5 exd5 5. Bf4 Nf6 6. e3 Bd6 7. Bg3 O-O 8. Bd3 Re8 9. Nge2 c5 10. Bxd6 Qxd6 11.
dxc5 Qxc5 12. Rc1 Nc6 13. O-O Bg4 14. h3 Bh5 15. Qd2 Qa5 16. Nf4 Bg6 17. Bxg6 hxg6 18. Nfxd5 Rad8 19. Nxf6+ gxf6 20. Qc2 Nb4 21. Qa4 Qxa4 22.
Nxa4 Nxa2 23. Rc7 b5 24. Nc5 Nb4 25. Ra1 Rc8 26. Nxa6 Ra8 27. Nxb4 Rxa1+ 28. Kh2 Rd8 29. Rb7 Rd2 30. Kg3 Rf1 31. f3 Rg1 32. Rxb5 Rgxg2+ 33. Kf4 Rxb2 34. Rb8+ Kg7 35. Nc6 Rxb8 36. Nxb8 g5+ 37.
Ke4 Rg3 38. f4 Rxh3 39. fxg5 fxg5 40. Nc6 Kf6 41. Nd4 Rh4+ 42. Kf3 Rxd4 43. exd4 Ke6 44. Kg4 f6 0-1

[Event "*** Titled Tuesday Blitz"]
[Site "Chess.com"]
[Date "2021.04.20"]
[Round "3"]
[White "Carolina-moon"]
[Black "queen_iryna"]
[Result "0-1"]
[WhiteElo "2107"]
[BlackElo "2337"]
[TimeControl "180+1"]
[EndTime "10:27:11 PDT"]
[Termination "queen_iryna won on time"]

1. e4 d6 2. d4 Nf6 3. Nc3 e5 4. Nf3 Nbd7 5. g4 d5 6. exd5 e4 7. Ng5 Bb4 8. Bg2 Nxd5 9. Nxe4 N7f6 10. O-O Bxg4 11. Nxf6+ Nxf6 12. Re1+ Kf8 13. Qd3 c6 14. Bg5 h6 15. Bh4 Bd6 16. Ne4 Be7 17. Bg3 Bf5 18. Qb3 Qb6 19. Nxf6 Bxf6 20. Bd6+ Kg8 21. Qf3 Bg6 22.
Bc5 Qxb2 23. Rab1 Qxc2 24. Rxb7 Qxa2 25. Qxc6 Kh7 26. Be4 Bg5 27. Bxg6+ fxg6 0-1

[Event "*** Titled Tuesday Blitz"]
[Site "Chess.com"]
[Date "2021.04.20"]
[Round "3"]
[White "supertfc"]
[Black "BigAl"]
[Result "0-1"]
[WhiteElo "2364"]
[BlackElo "2584"]
[TimeControl "180+1"]
[EndTime "10:27:12 PDT"]
[Termination "BigAl won on time"]

1. e4 c6 2. d4 d5 3. e5 Bf5 4. Nf3 e6 5. Be2 Ne7 6. O-O Ng6 7. Be3 Nd7 8. Nbd2 f6 9. exf6 Qxf6 10. c4 Bd6 11.
Re1 O-O 12. Qb3 Rab8 13. Bd3 Bxd3 14. Qxd3 h6 15. Nf1 Rbe8 16. Bd2 Kh8 17. Re2 dxc4 18. Qxc4 Nb6 19. Qc2 Nd5 20. Rae1 Ngf4 21. Bxf4 Nxf4 22. Re3 Nd5 23. Re4 Bb4 24. R1e2 Nf4 25. Rxf4 Qxf4 26. Ne5 Qf5 27. Ng6+ Kg8 28. Nxf8 Qxc2 29. Rxc2 Kxf8 30. a3 Bd6 31. Nd2 e5 32. Nc4 exd4 33.
Kf1 Bc7 34. Re2 b5 35. Nd2 c5 36. Nf3 Bb6 37. Rxe8+ Kxe8 38. Ne5 Ke7 39. f4 Ke6 40. g3 Kd5 0-1

[Event "*** Titled Tuesday Blitz"]
[Site "Chess.com"]
[Date "2021.04.20"]
[Round "3"]
[White "Zq1"]
[Black "Kopytkin"]
[Result "1-0"]
[WhiteElo "2550"]
[BlackElo "2358"]
[TimeControl "180+1"]
[EndTime "10:27:12 PDT"]
[Termination "Zq1 won by resignation"]

1. d4 Nf6 2. c4 g6 3. Nc3 Bg7 4. e4 d6 5. Nf3 O-O 6. Be2 e5 7. O-O Nc6 8. d5 Nb8 9. Be3 a5 10. Nd2 Na6 11. a3 Nc5 12. b4 axb4 13. axb4 Rxa1 14. Qxa1 Ncxe4 15. Ndxe4 Nxe4 16. Nxe4 f5 17. Bd3 fxe4 18. Bxe4 Qh4 19. f3 Bh6 20. Bxh6 Qxh6 21.
Qc1 Qxc1 22. Rxc1 Bf5 23. c5 Bxe4 24. fxe4 Rf4 25. Rc4 b5 26. cxb6 cxb6 27. b5 h5 28. g3 Rf3 29. Rc6 Re3 30. Rxd6 Kf7 31. Rxb6 Rxe4 32. Rb7+ Kf6 33. d6 Ke6 34. d7 Ke7 35. Kf2 g5 36. Kf3 Re1 37. b6 g4+ 38. Kf2 Re4 39. Rc7 Kd8 40. b7 Rb4 41. Rc8+ Kxd7 42. b8=Q Rxb8 43. Rxb8 1-0

[Event "*** Titled Tuesday Blitz"]
[Site "Chess.com"]
[Date "2021.04.20"]
[Round "3"]
[White "ENajer77"]
[Black "ChampStan"]
[Result "1-0"]
[WhiteElo "2685"]
[BlackElo "2094"]
[TimeControl "180+1"]
[EndTime "10:27:13 PDT"]
[Termination "ENajer77 won on time"]

1. d4 Nf6 2. c4 g6 3. Nc3 d5 4. cxd5 Nxd5 5. Bd2 Bg7 6. e4 Nb6 7. Be3 O-O 8. Bb5 c6 9. Be2 N8d7 10. a4 a5 11. Nf3 Nf6 12. h3 Be6 13. b3 Ne8 14. O-O f6 15. Qc2 Bf7 16. Rfd1 Rc8 17. Rac1 Nd7 18.
Nd2 Nd6 19. Nf3 b5 20. e5 Nf5 21. Bf4 bxa4 22. Nxa4 Bd5 23. Bc4 e6 24. Qe2 fxe5 25.
dxe5 h6 26. Bh2 g5 27. g4 Ne7 28. Nd4 Bxc4 29. Qxc4 Nd5 30. Nxe6 Qe7 31. Nxf8 Rxf8 32.
Qxc6 1-0

[Event "*** Titled Tuesday Blitz"]
[Site "Chess.com"]
[Date "2021.04.20"]
[Round "3"]
[White "Iskusnyh"]
[Black "KuzubovYuriy"]
[Result "0-1"]
[WhiteElo "2635"]
[BlackElo "2853"]
[TimeControl "180+1"]
[EndTime "10:27:14 PDT"]
[Termination "KuzubovYuriy won by resignation"]

1. d4 Nf6 2. c4 e6 3. Nc3 Bb4 4. e3 O-O 5. Bd2 d5 6. Nf3 Re8 7. a3 Bf8 8. Bd3 Nbd7 9. O-O a6 10. Qc2 dxc4 11. Bxc4 b5 12. Bd3 c5 13. dxc5 Nxc5 14. Be2 Bb7 15. Rfd1 Rc8 16. Be1 Qb6 17. b4 Nce4 18.
Qb2 Qa7 19. Rac1 Qa8 20. Nxe4 Nxe4 21. Nd4 Nd6 22. Bf3 Nc4 23. Qb3 e5 24. Bxb7 Qxb7 25. Nf3 h6 26. Bc3 Re6 27. Ba1 Rg6 28. Kh1 Rcc6 29.
Qd3 Rxg2 30. Kxg2 Rg6+ 31. Qxg6 fxg6 32. Rd8 Qe4 33. h3 Qf5 34. Rcd1 Kh7 35. R1d3 e4 0-1

[Event "*** Titled Tuesday Blitz"]
[Site "Chess.com"]
[Date "2021.04.20"]
[Round "3"]
[White "GrigoriyM2001"]
[Black "ChristopherYoo"]
[Result "0-1"]
[WhiteElo "2587"]
[BlackElo "2885"]
[TimeControl "180+1"]
[EndTime "10:27:14 PDT"]
[Termination "ChristopherYoo won by resignation"]

1. d4 Nf6 2. c4 c5 3. d5 b5 4.
cxb5 a6 5. bxa6 e6 6. Nc3 exd5 7. Nxd5 Nxd5 8. Qxd5 Nc6 9. e4 Bxa6 10. Bxa6 Qa5+ 11. Bd2 Qxa6 12. Nf3 Be7 13. Bc3 O-O 14. Nd2 Rfe8 15. Nc4 Bf8 16. O-O Rad8 17. b3 Ne7 18. Qd6 Qa8 19. Rfe1 Ng6 20. Qg3 Rxe4 21. Rxe4 Qxe4 22. Re1 Qb7 23. Nd6 Qc6 24. Rd1 h5 25. h3 h4 26.
Qd3 Nf4 27. Qe4 Bxd6 28. Qxc6 dxc6 29. Be5 Nd5 30. Bxd6 Rxd6 0-1

[Event "*** Titled Tuesday Blitz"]
[Site "Chess.com"]
[Date "2021.04.20"]
[Round "3"]
[White "MateusViageiro"]
[Black "gisela_roque"]
[Result "1-0"]
[WhiteElo "2295"]
[BlackElo "1797"]
[TimeControl "180+1"]
[EndTime "10:27:15 PDT"]
[Termination "MateusViageiro won on time"]

1. e4 e6 2. Qe2 d5 3. exd5 Qxd5 4. Nc3 Qd8 5. d4 Nf6 6. Nf3 Be7 7. Bg5 O-O 8. O-O-O c6 9. Ne5 Nd5 10. Bd2 a5 11. f4 b5 12. Ne4 b4 13. h4 Ba6 14.
Qh5 Bxf1 15. Rdxf1 Nf6 16. Nxf6+ Bxf6 17. Be3 Qd5 18.
Kb1 a4 19. Qf3 Bxe5 20. Qxd5 cxd5 21. dxe5 Nc6 22. g4 Rfd8 23. h5 Rac8 24. Bd2 d4 25. Rh3 Rd5 26. a3 bxa3 27. Rxa3 Ra8 28. Rff3 Rb5 29. Kc1 Ne7 30. b3 Nd5 31. Rxa4 Rxa4 32.
bxa4 Rb8 33. Ra3 Kf8 34. a5 Ke8 35. Ra4 d3 36. cxd3 Rc8+ 37. Kd1 Kd7 38. Ke2 Ra8 39. Kf3 Kc6 40. Ke4 Kb5 41. Ra1 Kc6 42. Rc1+ Kb5 43. Rb1+ Ka4 44. Rb7 1-0

[Event "*** Titled Tuesday Blitz"]
[Site "Chess.com"]
[Date "2021.04.20"]
[Round "3"]
[White "Borsuk_Konstantin"]
[Black "erdni1993"]
[Result "1-0"]
[WhiteElo "2695"]
[BlackElo "2421"]
[TimeControl "180+1"]
[EndTime "10:27:19 PDT"]
[Termination "Borsuk_Konstantin won on time"]

1. d4 Nf6 2. c4 e6 3. Nc3 c5 4. d5 exd5 5. cxd5 Bd6 6. Nf3 O-O 7. g3 h6 8. Bg2 Re8 9. O-O a6 10. a4 Bc7 11. Nd2 d6 12. Rb1 Nbd7 13. Nc4 Rb8 14. b4 b5 15. axb5 axb5 16. Nd2 cxb4 17. Na2 Nc5 18. Nxb4 Bb7 19. Nb3 Nxb3 20. Rxb3 Bb6 21. Qd3 Bc5 22. Bb2 Nd7 23. Nc6 Bxc6 24. dxc6 Ne5 25.
Bxe5 Rxe5 26. e3 Qb6 27. Ra1 d5 28. Bxd5 Rd8 29. e4 Bxf2+ 30. Kg2 b4 31. Qf3 Bd4 32. Qxf7+ Kh8 33. Rf1 Qa6 34. Rbf3 Qe2+ 35. Kh3 Ree8 36. c7 Rc8 37. Be6 Qxe4 38. Bxc8 Rxc8 39. Qf8+ 1-0

[Event "*** Titled Tuesday Blitz"]
[Site "Chess.com"]
[Date "2021.04.20"]
[Round "3"]
[White "AndrewMaco"]
[Black "The_filthy"]
[Result "1/2-1/2"]
[WhiteElo "2667"]
[BlackElo "2427"]
[TimeControl "180+1"]
[EndTime "10:27:19 PDT"]
[Termination "Game drawn by repetition"]

1. e4 e6 2. d3 c5 3. Nd2 Nc6 4. g3 d6 5. Bg2 g6 6. Ngf3 Bg7 7.
O-O Nge7 8. Re1 O-O 9. c3 e5 10.
h4 h6 11. Nc4 b5 12. Ne3 Kh7 13. a4 b4 14. Nc4 Be6 15. Nfd2 Rb8 16. Nf1 Na5 17. Nfe3 f5 18. h5 f4 19. hxg6+ Nxg6 20. Nf5 Bxf5 21. exf5 Rxf5 22. Be4 Rg5 23. Nxa5 Qxa5 24.
Kh2 bxc3 25. bxc3 Qxc3 26. Bd2 Qd4 27. Qf3 Rb2 28. Re2 Rxd2 29. Rxd2 Qxa1 30. Rd1 Qd4 31. Rg1 fxg3+ 32. Rxg3 d5 33. Bxg6+ Kxg6 34. a5 e4 35.
dxe4 Be5 36. Qf8 Bxg3+ 37. fxg3 Qxe4 38. Qg8+ Kh5 39. Qf7+ Qg6 40. Qf3+ Rg4 41. Qxd5+ Qg5 42. Qf7+ Qg6 43. Qd5+ Qg5 44. Qf7+ Qg6 45. Qd5+ 1/2-1/2

[Event "*** Titled Tuesday Blitz"]
[Site "Chess.com"]
[Date "2021.04.20"]
[Round "3"]
[White "vanyakuba"]
[Black "Aradhya2000"]
[Result "0-1"]
[WhiteElo "2395"]
[BlackElo "2601"]
[TimeControl "180+1"]
[EndTime "10:27:19 PDT"]
[Termination "Aradhya2000 won on time"]

1. e4 e5 2. Nf3 Nc6 3. Bb5 a6 4. Ba4 Nf6 5. d3 b5 6. Bb3 Bc5 7. c3 O-O 8. Nbd2 d5 9. Qe2 Be6 10.
O-O Re8 11. Re1 Qd7 12. Nf1 h6 13. h3 Rad8 14. Ng3 d4 15. Bxe6 fxe6 16. cxd4 Nxd4 17. Nxd4 Bxd4 18. Be3 Bxe3 19. Qxe3 Qxd3 20. Qa7 Qd6 21. Rac1 Re7 22. Nf1 Qd4 23. Qb7 Rdd7 24. Ne3 Nxe4 25. Red1 Nd2 26. Rc2 c5 27. Rcxd2 Rxb7 28. Rxd4 exd4 29. Ng4 e5 0-1

[Event "*** Titled Tuesday Blitz"]
[Site "Chess.com"]
[Date "2021.04.20"]
[Round "3"]
[White "McCarthyStone"]
[Black "IriBu"]
[Result "0-1"]
[WhiteElo "2369"]
[BlackElo "2565"]
[TimeControl "180+1"]
[EndTime "10:27:19 PDT"]
[Termination "IriBu won on time"]

1. e4 c5 2. Nf3 a6 3. c4 Nc6 4.
Nc3 e6 5. d4 cxd4 6. Nxd4 Bb4 7.
Be3 Bxc3+ 8. bxc3 d6 9. Be2 Nf6 10.
Nxc6 bxc6 11. e5 dxe5 12. Qxd8+ Kxd8 13. Bb6+ Ke7 14. Rd1 Nd7 15. Bc7 Bb7 16. Bd6+ Ke8 17. Rb1 Ra7 18. c5 f5 19. O-O a5 20. Rfd1 g6 21. Bc4 Kf7 22. Bc7 Bc8 23. Bd6 a4 24.
Rb4 Rd8 25. Bxe5 Re8 26. Bd6 Ra5 27. Kf1 Nxc5 28. f3 Nb7 29. Bc7 Ra8 30. Ke2 Nc5 31. Be5 Nd7 32. Bd6 Kf6 33. f4 h6 34.
Kf3 g5 35. g3 g4+ 36. Kf2 h5 37. Re1 c5 38. Rb2 Ba6 0-1

[Event "*** Titled Tuesday Blitz"]
[Site "Chess.com"]
[Date "2021.04.20"]
[Round "3"]
[White "Firouzja2003"]
[Black "emperor87"]
[Result "0-1"]
[WhiteElo "3125"]
[BlackElo "2697"]
[TimeControl "180+1"]
[EndTime "10:27:20 PDT"]
[Termination "emperor87 won on time"]

1. d4 Nf6 2. Bg5 g6 3. Nd2 d5 4. c3 Bg7 5. e3 O-O 6. Bd3 b6 7. Qe2 c5 8. Ngf3 Nc6 9. h4 h6 10. Bxf6 exf6 11. h5 g5 12. O-O-O c4 13. Bc2 f5 14. Nf1 b5 15. Ng3 Qf6 16. Ne5 Ne7 17.
f4 g4 18. Kd2 a5 19. Ke1 Be6 20. Kf2 Nc8 21. b3 Nd6 22. bxc4 bxc4 23. Rb1 Qd8 24. Rb2 Qc7 25. Rhb1 Rfb8 26. Ba4 Bf6 27. Kg1 Bh4 28. Nf1 Ne4 29. Qc2 Bf2+ 30. Kh2 Rxb2 31. Rxb2 Qe7 32.
Qxf2 Nxf2 33. Rxf2 Qh4+ 34. Kg1 Rb8 35. g3 Qf6 36.
Bc2 Kg7 37. Kg2 Rb2 38. Ba4 Rxf2+ 39. Kxf2 Qe7 40. e4 Qa3 41. Bc2 Qxc3 0-1

[Event "*** Titled Tuesday Blitz"]
[Site "Chess.com"]
[Date "2021.04.20"]
[Round "3"]
[White "topin8"]
[Black "Kostukov_Alex"]
[Result "0-1"]
[WhiteElo "2161"]
[BlackElo "2358"]
[TimeControl "180+1"]
[EndTime "10:27:20 PDT"]
[Termination "Kostukov_Alex won on time"]

1. e4 c5 2. Nf3 g6 3. c3 Bg7 4.
d4 cxd4 5. cxd4 d5 6. e5 Nc6 7.
Bb5 Bg4 8. Nbd2 Nh6 9. h3 Bxf3 10.
Qxf3 Nf5 11. Bxc6+ bxc6 12. Nb3 O-O 13. g4 Nh4 14. Qg3 e6 15. O-O h6 16. Bd2 g5 17.
Rac1 f6 18. f4 fxe5 19. fxe5 Qb6 20. Qc3 Qb5 21. Nc5 Qe2 22. Qg3 Nf3+ 23. Rxf3 Rxf3 24. Qg2 Qxg2+ 25. Kxg2 Raf8 26. Be1 Re3 27. Nxe6 Re2+ 28. Kg1 Rf3 29. Bc3 Rxh3 30. Nxg7 Kxg7 0-1

[Event "*** Titled Tuesday Blitz"]
[Site "Chess.com"]
[Date "2021.04.20"]
[Round "3"]
[White "mamonika"]
[Black "GMJustin"]
[Result "1-0"]
[WhiteElo "2065"]
[BlackElo "2305"]
[TimeControl "180+1"]
[EndTime "10:27:20 PDT"]
[Termination "mamonika won on time"]

1. e4 c5 2. Nf3 d6 3. d4 cxd4 4.
Nxd4 Nf6 5. Nc3 Nc6 6. Be2 e5 7.
Nb3 Be7 8. Be3 Be6 9. O-O O-O 10. Bf3 a5 11. Nd5 a4 12. Bb6 Qc8 13. Nxe7+ Nxe7 14. Na5 Ra6 15. Qxd6 Ng6 16. Be2 Nxe4 17. Qb4 Rxb6 18. Qxb6 Qxc2 19. Rfe1 Nf4 20. Bf3 Ng5 21. Bxb7 Nd3 22.
Rf1 e4 23. b3 a3 24. Qe3 h6 25. Bxe4 Nxe4 26. Qxe4 Qc3 27. Nc4 Nb2 28. Nxb2 axb2 29. Rab1 1-0

[Event "*** Titled Tuesday Blitz"]
[Site "Chess.com"]
[Date "2021.04.20"]
[Round "3"]
[White "ajedrez1101"]
[Black "KetiGrant"]
[Result "0-1"]
[WhiteElo "2141"]
[BlackElo "2347"]
[TimeControl "180+1"]
[EndTime "10:27:21 PDT"]
[Termination "KetiGrant won by resignation"]

1. b3 Nf6 2. Bb2 g6 3. Bxf6 exf6 4. c4 Bg7 5. Nc3 f5 6. g3 d6 7.
Bg2 Nd7 8. e3 h5 9. h4 Nf6 10.
Nge2 c6 11. d4 O-O 12. O-O Ng4 13. Nf4 Re8 14. Qf3 Bf6 15. Rac1 Bd7 16. b4 a6 17. a4 Qe7 18. c5 d5 19. Rb1 Qd8 20. Rb3 Kg7 21. Rfb1 Rh8 22. Nh3 g5 23. hxg5 Bxg5 24.
Ne2 h4 25. gxh4 Bxh4 26. Nef4 Bf6 27. Qe2 Bh4 28. Kf1 Nf6 29. Ke1 Ne4 30. Bxe4 fxe4 31. Kd2 Kf8 32. Rg1 Bf6 33. Rbb1 Bxh3 34. Nxh3 Rxh3 35.
Qg4 Rh8 36. Rh1 Ke7 37. Qf4 Rxh1 38. Rxh1 Qb8 39. Qf5 Qg8 40. Rh6 Qg5 41. Rxf6 Qxf6 0-1

[Event "*** Titled Tuesday Blitz"]
[Site "Chess.com"]
[Date "2021.04.20"]
[Round "3"]
[White "MPGM"]
[Black "Volodar_Murzin"]
[Result "0-1"]
[WhiteElo "2518"]
[BlackElo "2717"]
[TimeControl "180+1"]
[EndTime "10:27:22 PDT"]
[Termination "Volodar_Murzin won on time"]

1. c4 c6 2. Nf3 d5 3. d4 Nf6 4. g3 Bf5 5. Nc3 e6 6. Nh4 Be4 7. f3 Bg6 8. Qb3 Qb6 9. c5 Qc7 10. Bf4 Qc8 11. Nxg6 hxg6 12. e4 Be7 13. Bd3 Nh5 14.
O-O-O Nxf4 15. gxf4 Nd7 16. f5 gxf5 17. exf5 e5 18.
dxe5 Nxe5 19. Rhe1 Qc7 20. f6 gxf6 21. Bf5 Rh5 22. Qc2 Rxh2 23. Qa4 Kf8 24. Rh1 Ng6 25. Qg4 Kg7 26. Rdg1 Rxh1 27. Rxh1 Qf4+ 28. Qxf4 Nxf4 29.
b4 a5 30. Rh4 axb4 31. Rxf4 bxc3 32. Kb1 Bxc5 33. Rg4+ Kf8 0-1

[Event "*** Titled Tuesday Blitz"]
[Site "Chess.com"]
[Date "2021.04.20"]
[Round "3"]
[White "VladimirBugayev"]
[Black "Lion-Al-Messi"]
[Result "0-1"]
[WhiteElo "2256"]
[BlackElo "2491"]
[TimeControl "180+1"]
[EndTime "10:27:22 PDT"]
[Termination "Lion-Al-Messi won by resignation"]

1. e4 e6 2. d4 d5 3. Bd3 dxe4 4. Bxe4 Nf6 5. Bf3 c5 6. Ne2 Nc6 7. Be3 cxd4 8. Nxd4 Ne5 9. Nc3 Nxf3+ 10. Qxf3 Be7 11.
O-O-O O-O 12. Nxe6 Bxe6 13. Rxd8 Raxd8 14. h3 Bb4 15. Qxb7 Bxc3 16. bxc3 Bd5 17. Qa6 Bxg2 18. Rg1 Bf3 19.
Qxf6 Rd1+ 20. Kb2 Rxg1 21. Qxf3 Rb8+ 22. Ka3 Rg6 23. Qf4 Ra6+ 24. Qa4 Rxa4+ 25. Kxa4 Rc8 26. Kb3 Rc7 27. c4 Kf8 28. c5 Ke7 29. Kb4 a6 30.
Bd4 f6 31. Ka5 Rc6 32. Kb4 Ke6 33. Kc4 g5 34. f3 h5 35. Be3 Rc8 36. a4 Rd8 37. c6 Kd6 38. Bd4 Kxc6 39. Bxf6 Rg8 40. Kb4 Rg6 41. Bd4 Re6 42. a5 Re2 43. Bf6 Rg2 44. c3 Rg3 45. Kc4 Rxh3 46. Bxg5 Rxf3 47. Kd4 h4 48. c4 h3 49. Ke4 h2 0-1